 Dungeon Sprint DCSS version 0.30-a0-242-g7bf8e6d787 (webtiles) character file.

Game seed: 353579614011986461

52281 mhtbhm the Shatterer (level 14, -3/246 HPs)
             Began as an Armataur Berserker on Oct 11, 2022.
             Was the Champion of Trog.
             Killed from afar by an ironbound thunderhulk (42 damage)
             ... with a bolt of lightning
             ... in the Dungeon (Sprint IX: "|||||||||||||||||||||||||||||").
             The game lasted 00:07:24 (3168 turns).

mhtbhm the Shatterer (Armataur Berserker)           Turns: 3168, Time: 00:07:25

Health: -3/246     AC: 26    Str: 24    XL:     14   Next: 26%
Magic:  14/14      EV: 11    Int: 10    God:    Trog [******]
Gold:   1438       SH:  0    Dex: 11    Spells: 13/13 levels left

rFire   . . .      SeeInvis .    a - +13 dire flail "Zihist" {vorpal, +Blink rPois rC++ Str-3}
rCold   + + .      Faith    .    (shield currently unavailable)
rNeg    . . .      Spirit   .    b - +2 scale mail {Will+}
rPois   +          Reflect  .    t - +0 helmet
rElec   .          Harm     .    y - +2 cloak
rCorr   .          Roll     +    k - +0 pair of gloves
Will    ++...      NoTele   +    s - +0 barding
Stlth   ..........               (no amulet)
HPRegen 0.61/turn                m - +3 ring of intelligence
MPRegen 0.14/turn                l - +2 ring of evasion

@: berserking, very quick
A: large, rugged brown scales 3, deformed body, armoured tail, roll, long
tongue, awkward tongue
a: Renounce Religion, Evoke Blink, Berserk, Trog's Hand, Brothers in Arms


You were in the Dungeon.
You worshipped Trog.
Trog was exalted by your worship.
You visited 1 branch You collected 1942 gold pieces.
You spent 504 gold pieces at shops.

Inventory:

Hand Weapons
 a - the +13 dire flail "Zihist" (weapon) {vorpal, +Blink rPois rC++ Str-3}
   (Trog gifted it to you in the Dungeon)

   It inflicts extra damage upon your enemies.
   Str:       It affects your strength (-3).
   rC:        It greatly protects you from cold.
   rPois:     It protects you from poison.
   +Blink:    It lets you blink.
Missiles
 w - 5 atropa-tipped darts
 F - 3 silver javelins (quivered)
Armour
 b - a +2 scale mail of willpower (worn)
 k - a +0 pair of gloves (worn)
 s - a +0 barding (worn)
 t - a +0 helmet (worn)
 y - a +2 cloak (worn)
 E - a +2 buckler of resistance
Jewellery
 l - a +2 ring of evasion (right hand)
 m - a +3 ring of intelligence (left hand)
 A - a ring of positive energy
 B - a ring of willpower
 C - a ring of protection from fire
 D - a ring of ice
Wands
 j - a wand of iceblast (10)
 r - a wand of flame (18)
Scrolls
 h - 4 scrolls of blinking
 o - 8 scrolls of enchant weapon
 p - 2 scrolls of enchant armour
 q - 3 scrolls of fog
 v - 2 scrolls of fear
Potions
 c - 12 potions of curing
 d - 6 potions of heal wounds
 e - a potion of haste
 f - 4 potions of magic
 g - 3 potions of berserk rage
 i - a potion of invisibility
 n - 4 potions of might
 u - a potion of lignification
 x - a potion of ambrosia
 z - a potion of flight {unknown}


   Skills:
 + Level 22.2 Fighting
 + Level 23.3 Maces & Flails
 + Level 15.7 Armour
 + Level 9.7 Dodging
 + Level 12.1 Stealth


You had 13 spell levels left.
You didn't know any spells.
Your spell library was empty.

Dungeon Overview and Level Annotations

Branches:
Dungeon (1/1)

Altars:
Cheibriados
Dithmenos
Elyvilon
Fedhas
Gozag
Hepliaklqana
Kikubaaqudgha
Makhleb
Nemelex Xobeh
Okawaru
Qazlal
Ru
Sif Muna
Trog
Uskayaw
Vehumet
Wu Jian
Xom
Yredelemnul
Zin
The Shining One
Jiyva
Lugonu

Shops:
D (**:


Innate Abilities, Weirdness & Mutations

You are completely covered in rugged brown scales. (AC +3, +7% HP)
Armour fits poorly on your strangely shaped body.
You have a long armoured tail.
You roll when moving toward enemies. (Rampage)
Your long tongue fully drains potion bottles. (2x potion effects)
Your tongue gives you trouble enunciating. (1.5x scroll delay)


Message History

An ironbound thunderhulk comes into view.
It is wielding a +0 dire flail.
You bludgeon the ironbound convoker!!
The ironbound convoker is heavily wounded.
Unknown command.
You hammer the ironbound convoker like a gong!!!
You kill the ironbound convoker!
Trog accepts your kill.
Trog appreciates your killing of a magic user.
Trog grants you a weapon! Something appears at your feet!
You see here the +6 dire flail of Herytu {flame, Stlth+}.
Electricity crackles from the ironbound thunderhulk's apparatus.
The bolt of lightning hits you!!!
* * * LOW HITPOINT WARNING * * *
Strange energies crackle from the ironbound thunderhulk's apparatus.
The ironbound thunderhulk blinks!
You impale the ironbound convoker!!
The ironbound convoker is heavily wounded.
Unknown command.
You bludgeon the ironbound convoker!!
You kill the ironbound convoker!
Trog accepts your kill.
Trog appreciates your killing of a magic user.
The wizard casts a spell.
The wizard blinks!
You pound the ironbound thunderhulk like an anvil!!!
The ironbound thunderhulk is heavily wounded.
You puncture the ironbound thunderhulk!
You tail-slap the ironbound thunderhulk.
The ironbound thunderhulk is severely wounded.
Unknown command.
You beat the ironbound thunderhulk like a drum!!!
You kill the ironbound thunderhulk!
Trog accepts your kill.
The yaktaur captain wields a +0 arbalest.
The yaktaur captain shoots a bolt.
The bolt hits you!!
* * * LOW HITPOINT WARNING * * *
Electricity crackles from the ironbound thunderhulk's apparatus.
The bolt of lightning hits you!!!
You die...

)▓.▓)▓.▓.▓.▓.▓.▓)▓
†▓.▓)▓.▓)▓.▓.▓.▓)▓
.▓.▓)▓.▓)▓.▓.▓.▓.▓
†▓.▓)▓.▓(▓.▓.▓.▓.▓
.▓.▓)▓.▓.▓.♣'♣.▓†▓
.▓.▓∩▓.▓.▓.♣)♣.▓.▓
.▓.▓)▓.▓)▓.♣[♣.▓)▓
.▓.▓∩▓.▓)▓.♣)♣.▓)▓
.▓.▓)▓.▓(▓.♣.♣.▓@▓
[▓.▓∩▓.▓[▓.♣.♣.▓)▓
.▓.▓)▓.▓(▓.♣.♣.▓.▓
.▓.▓∩▓.▓(▓.♣.♣.▓c▓
.▓.▓)▓.▓.▓.♣.♣.▓.▓
'▓.▓.▓.▓.▓.♣.♣.▓p▓
.▓.▓.▓.▓.▓.▓'▓.▓O▓
.▓.▓.▓.▓.▓.▓.▓.▓.▓
.▓.▓.▓.▓.▓)▓.▓.▓


You could see an ironbound thunderhulk, a yaktaur captain and a wizard.

Vanquished Creatures
  Rupert (D)
  A thorn hunter (D)
  2 fire giants (D)
  4 frost giants (D)
  A vault warden (D)
  2 stone giants (D)
  An eleionoma (D)
  An ironbound thunderhulk (D)
  A merfolk javelineer (D)
  An entropy weaver (D)
  2 fire dragons (D)
  A yaktaur captain (D)
  2 ice dragons (D)
  A peacekeeper (D)
  2 hydras (D)
  4 centaur warriors (D)
  A boulder beetle (D)
  A naga warrior (D)
  2 alligators (D)
  2 tengu warriors (D)
  A two-headed ogre (D)
  A deep troll earth mage (D)
  3 deep troll shamans (D)
  A naga sharpshooter (D)
  2 spriggan berserkers (D)
  An orc high priest (D)
  A goliath frog (D)
  2 pharaoh ants (D)
  A glowing orange brain (D)
  3 ironbound convokers (D)
  2 swamp dragons (D)
  2 wizards (D)
  A harpy (D)
  2 lindwurms (D)
  2 orc knights (D)
  2 necromancers (D)
  An orc sorcerer (D)
  A deep elf pyromancer (D)
  3 cyclopes (D)
  2 ugly things (D)
  2 moths of wrath (D)
  A wolf spider (D)
  3 manticores (D)
  A black mamba (shapeshifter) (D)
  A salamander (D)
  2 guardian serpents (D)
  Maurice (D)
  2 black mambas (D)
  2 naga magi (D)
  5 cane toads (D)
  A rime drake (D)
  An unseen horror (D)
  A wind drake (D)
  A bloated husk (D)
  2 polar bears (D)
  A hornet (D)
  A troll (D)
  A merfolk (D)
  A tarantella (D)
  4 slime creatures (D)
  2 snapping turtles (D)
  A culicivora (D)
  A spriggan (D)
  A wyvern (D)
  2 basilisks (D)
  4 yaks (D)
  A water elemental (D)
  2 redbacks (D)
  2 vampire mosquitoes (D)
  2 water moccasins (D)
  8 orc warriors (D)
  A floating eye (D)
  7 black bears (D)
  3 bullfrogs (D)
  2 scorpions (D)
  A killer bee (D)
  3 orc priests (D)
  An iguana (D)
  3 orc wizards (D)
  An adder (D)
  20 orcs (D)
  An endoplasm (D)
  A giant cockroach (D)
  2 quokkas (D)
  2 rats (D)
175 creatures vanquished.

Vanquished Creatures (others)
  An orc wizard (D)
1 creature vanquished.

Grand Total: 176 creatures vanquished

Notes
Turn   | Place    | Note
-------+----------+-------------------------------------------
     0 | D        | mhtbhm the Armataur Berserker began the quest for the Orb.
     0 | D        | Reached XP level 1. HP: 19/19 MP: 1/1
     8 | D        | Reached skill level 3 in Maces & Flails
    11 | D        | Reached ** piety under Trog
    23 | D        | Noticed a scorpion
    23 | D        | Noticed an iguana
    32 | D        | Killed a scorpion
    32 | D        | Reached *** piety under Trog
    33 | D        | Reached skill level 5 in Maces & Flails
    33 | D        | Reached skill level 1 in Stealth
    33 | D        | Reached XP level 2. HP: 29/29 MP: 2/2
    33 | D        | Reached XP level 3. HP: 37/37 MP: 3/3
    37 | D        | Reached skill level 5 in Fighting
    37 | D        | Reached XP level 4. HP: 44/44 MP: 4/4
    91 | D        | Found a snail-covered altar of Cheibriados.
    91 | D        | Found a shadowy altar of Dithmenos.
    91 | D        | Found a white marble altar of Elyvilon.
    91 | D        | Found a blossoming altar of Fedhas.
    91 | D        | Found an opulent altar of Gozag.
    92 | D        | Found a hazy altar of Hepliaklqana.
    93 | D        | Found a viscous altar of Jiyva.
    94 | D        | Found an ancient bone altar of Kikubaaqudgha.
    95 | D        | Found a corrupted altar of Lugonu.
    96 | D        | Found a burning altar of Makhleb.
    97 | D        | Found a sparkling altar of Nemelex Xobeh.
    98 | D        | Found an iron altar of Okawaru.
    99 | D        | Found a stormy altar of Qazlal.
   100 | D        | Found a sacrificial altar of Ru.
   101 | D        | Found a shimmering blue altar of Sif Muna.
   102 | D        | Found a bloodstained altar of Trog.
   103 | D        | Found a hide-covered altar of Uskayaw.
   104 | D        | Found a radiant altar of Vehumet.
   105 | D        | Found an ornate altar of the Wu Jian Council.
   106 | D        | Found a shimmering altar of Xom.
   107 | D        | Found a basalt altar of Yredelemnul.
   108 | D        | Found a glowing silver altar of Zin.
   109 | D        | Found a glowing golden altar of the Shining One.
   160 | D        | Noticed a troll
   160 | D        | Noticed a two-headed ogre
   160 | D        | Noticed a wyvern
   160 | D        | Noticed a vampire mosquito
   160 | D        | Noticed a yak
   163 | D        | Killed a troll
   164 | D        | Reached skill level 8 in Maces & Flails
   164 | D        | Reached skill level 5 in Armour
   164 | D        | Reached XP level 5. HP: 55/55 MP: 5/5
   164 | D        | Reached XP level 6. HP: 64/64 MP: 6/6
   166 | D        | Killed a two-headed ogre
   166 | D        | Reached **** piety under Trog
   167 | D        | Reached skill level 10 in Maces & Flails
   167 | D        | Reached XP level 7. HP: 69/74 MP: 7/7
   170 | D        | Killed a wyvern
   171 | D        | Reached XP level 8. HP: 60/83 MP: 8/8
   180 | D        | Reached skill level 11 in Maces & Flails
   185 | D        | Reached skill level 10 in Fighting
   185 | D        | Reached skill level 5 in Dodging
   343 | D        | Noticed a centaur warrior
   343 | D        | Noticed a red ugly thing
   343 | D        | Noticed a cyclops
   351 | D        | Killed a centaur warrior
   352 | D        | Reached skill level 12 in Maces & Flails
   357 | D        | Killed a red ugly thing
   357 | D        | Reached ***** piety under Trog
   358 | D        | Reached XP level 9. HP: 95/95 MP: 9/9
   361 | D        | Reached skill level 13 in Maces & Flails
   366 | D        | Killed an unseen horror
   367 | D        | Reached skill level 5 in Stealth
   381 | D        | Reached skill level 10 in Armour
   390 | D        | Killed a cyclops
   708 | D        | Noticed a cane toad
   708 | D        | Noticed a cane toad
   708 | D        | Noticed a polar bear
   714 | D        | Reached skill level 14 in Maces & Flails
   719 | D        | Killed a cane toad
   720 | D        | Killed a cane toad
   720 | D        | Received a gift from Trog
   721 | D        | Reached XP level 10. HP: 103/103 MP: 10/10
   737 | D        | Reached skill level 15 in Maces & Flails
   832 | D        | Noticed a cane toad
   832 | D        | Noticed a six-headed hydra
   832 | D        | Noticed a cane toad
   832 | D        | Noticed a cane toad
   836 | D        | Killed a cane toad
   845 | D        | Killed a cane toad
   845 | D        | Received a gift from Trog
   848 | D        | Killed a six-headed hydra
   848 | D        | Reached ****** piety under Trog
   851 | D        | Killed a cane toad
   857 | D        | Reached skill level 16 in Maces & Flails
   996 | D        | Received a gift from Trog
  1152 | D        | Identified the +13 dire flail "Zihist" {vorpal, +Blink
                  | rPois rC++ Str-3} (Trog gifted it to you in the Dungeon)
  1152 | D        | Received a gift from Trog
  1156 | D        | Reached XP level 11. HP: 114/114 MP: 11/11
  1168 | D        | Received a gift from Trog
  1227 | D        | Received a gift from Trog
  1229 | D        | Reached skill level 17 in Maces & Flails
  1238 | D        | Noticed an orc knight
  1248 | D        | Killed an orc knight
  1305 | D        | Found Lihantue's Antique Weapon Emporium.
  1305 | D        | Noticed an orc high priest
  1305 | D        | Noticed an orc sorcerer
  1306 | D        | Received a gift from Trog
  1307 | D        | Found Xeughif's Assorted Antiques.
  1312 | D        | Killed an orc high priest
  1316 | D        | Killed an orc sorcerer
  1319 | D        | Found Vowoiro's General Store.
  1322 | D        | Found Utzouryu's Book Shoppe.
  1324 | D        | Received a gift from Trog
  1326 | D        | Noticed an orc knight
  1340 | D        | Killed an orc knight
  1364 | D        | Bought a potion of heal wounds for 135 gold pieces
  1370 | D        | Bought an emerald potion for 24 gold pieces
  1370 | D        | Bought a scroll labelled FOMAOQ QUCEARE for 27 gold pieces
  1370 | D        | Bought a scroll labelled FOMAOQ QUCEARE for 27 gold pieces
  1370 | D        | Bought a potion of curing for 81 gold pieces
  1372 | D        | Bought a scroll of fog for 40 gold pieces
  1372 | D        | Bought a scroll of identify for 20 gold pieces
  1372 | D        | Bought 5 atropa-tipped darts for 30 gold pieces
  1372 | D        | Bought a potion of ambrosia for 80 gold pieces
  1372 | D        | Bought a potion of might for 40 gold pieces
  1447 | D        | Noticed Maurice
  1454 | D        | Killed Maurice
  1641 | D        | Noticed a centaur warrior
  1641 | D        | Noticed a four-headed hydra
  1641 | D        | Noticed a deep elf pyromancer
  1644 | D        | Killed a centaur warrior
  1644 | D        | Received a gift from Trog
  1645 | D        | Reached skill level 18 in Maces & Flails
  1646 | D        | Killed a four-headed hydra
  1647 | D        | Reached skill level 15 in Fighting
  1647 | D        | Noticed a fire giant
  1657 | D        | Noticed a deep troll earth mage
  1662 | D        | Killed a fire giant
  1665 | D        | Noticed a tengu warrior
  1665 | D        | Killed a deep elf pyromancer
  1665 | D        | Received a gift from Trog
  1665 | D        | Paralysed by a floating eye for 2 turns
  1670 | D        | Noticed a stone giant
  1671 | D        | Paralysed by a floating eye for 2 turns
  1675 | D        | Killed a deep troll earth mage
  1676 | D        | Reached skill level 19 in Maces & Flails
  1676 | D        | Reached XP level 12. HP: 118/130 MP: 12/12
  1678 | D        | Noticed a stone giant
  1683 | D        | Killed a tengu warrior
  1688 | D        | Killed a stone giant
  1691 | D        | Received a gift from Trog
  1695 | D        | Killed a stone giant
  1888 | D        | Upgraded the game from 0.30-a0-241-g1121274140 to
                  | 0.30-a0-242-g7bf8e6d787
  1941 | D        | Noticed Rupert
  1952 | D        | Killed Rupert
  2051 | D        | Noticed a merfolk javelineer
  2062 | D        | Reached skill level 20 in Maces & Flails
  2067 | D        | Received a gift from Trog
  2071 | D        | Killed a merfolk javelineer
  2232 | D        | Reached skill level 10 in Stealth
  2246 | D        | Received a gift from Trog
  2302 | D        | Noticed a naga warrior
  2319 | D        | Received a gift from Trog
  2327 | D        | Reached XP level 13. HP: 122/145 MP: 13/13
  2334 | D        | Received a gift from Trog
  2471 | D        | Noticed an eleionoma
  2480 | D        | Killed an eleionoma
  2481 | D        | Reached skill level 21 in Maces & Flails
  2485 | D        | Noticed a thorn hunter
  2495 | D        | Received a gift from Trog
  2502 | D        | Killed a thorn hunter
  2744 | D        | Noticed a frost giant
  2755 | D        | Noticed a frost giant
  2760 | D        | Received a gift from Trog
  2762 | D        | Noticed a frost giant
  2765 | D        | Noticed a fire dragon
  2770 | D        | Noticed a fire dragon
  2772 | D        | Killed a frost giant
  2776 | D        | Noticed a frost giant
  2782 | D        | Killed a frost giant
  2782 | D        | Received a gift from Trog
  2792 | D        | Killed a frost giant
  2797 | D        | Killed a fire dragon
  2798 | D        | Reached skill level 22 in Maces & Flails
  2801 | D        | Killed a fire dragon
  2803 | D        | Noticed a fire giant
  2808 | D        | Killed a frost giant
  2808 | D        | Received a gift from Trog
  2809 | D        | Reached skill level 15 in Armour
  2820 | D        | Killed a fire giant
  2820 | D        | Received a gift from Trog
  3120 | D        | Received a gift from Trog
  3125 | D        | Reached XP level 14. HP: 161/161 MP: 14/14
  3141 | D        | Received a gift from Trog
  3147 | D        | Noticed a vault warden
  3151 | D        | Reached skill level 23 in Maces & Flails
  3153 | D        | Noticed an ironbound thunderhulk
  3156 | D        | Received a gift from Trog
  3161 | D        | Killed a vault warden
  3162 | D        | Noticed an ironbound thunderhulk
  3163 | D        | Identified the +6 dire flail of Herytu {flame, Stlth+}
                  | (Trog gifted it to you in the Dungeon)
  3163 | D        | Received a gift from Trog
  3168 | D        | Killed an ironbound thunderhulk
  3168 | D        | Killed from afar by an ironbound thunderhulk

Illustrated notes

Levels and vault maps discovered:
D:        linesprint [early_d, line_temple, items_1, d_10, items_2, lair_1,
          lair_end, items_3, orc_1, orc_end, items_4, d_15, swamp_1, shoals_1,
          snake_1, spider_1, d_20, vaults_1, items_5, swamp_end, shoals_end,
          snake_end, spider_end, vaults_end, d_27, items_6, zot_1, zot_end,
          crypt_end, forest_end, elf_end, slime_end, tomb_end, abyss_end,
          pan_hell_end]

Skill      XL: |  1  2  3  4  5  6  7  8  9 10 11 12 13 14 |
---------------+-------------------------------------------+-----
Fighting       | 4 5 7 9 11 12 13 16 18 21 22 | 22.2
Maces & Flails | 5 8 10 12 14 16 19 20 22 23 | 23.3
Armour         | 3 5 7 9 11 12 13 15 | 15.7
Dodging        | 2 3 4 5 6 7 8 9 |  9.7
Stealth        | 1 2 3 4 5 8 10 11 12 | 12.1

Action                   |  1- 3 |  4- 6 |  7- 9 | 10-12 | 13-15 || total
-------------------------+-------+-------+-------+-------+-------++-------
Melee: Mace              |    25 |     3 |       |       |       ||    28
       Morningstar       |       |     5 |    59 |    56 |       ||   120
       Punch             |       |     1 |       |     3 |       ||     4
       Tailslap          |       |       |     5 |    35 |    28 ||    68
       Great mace        |       |       |       |    24 |       ||    24
       Dire flail        |       |       |       |   203 |   186 ||   389
Invok: Berserk           |     1 |     1 |     2 |     4 |     3 ||    11
  Use: Scroll            |       |       |       |     2 |       ||     2
 Stab: Sleeping          |     1 |       |       |     6 |     1 ||     8
Armor: Animal skin       |     8 |       |       |       |       ||     8
       Plate armour      |       |     3 |    25 |       |       ||    28
       Leather armour    |       |       |     1 |    21 |       ||    22
       Scale mail        |       |       |       |    32 |    51 ||    83
Dodge: Dodged            |     7 |     2 |    10 |    52 |    22 ||    93

Table legend: (Time is in decaauts)
 A = Elapsed time spent in this place.
 B = Non-inter-level travel time spent in this place.
 C = Inter-level travel time spent in this place.
 D = Time resting spent in this place.
 E = Time spent auto-exploring this place.
 F = Levels seen in this place.
 G = Mean time per level.
                   A        B        C        D        E       F      G
               +--------+--------+--------+--------+--------+-----+--------+
         Total |   3027 |   3027 |      0 |   1452 |    657 |   1 | 3027.0 |
       Dungeon |   3027 |   3027 |      0 |   1452 |    657 |   1 | 3027.0 |
               +--------+--------+--------+--------+--------+-----+--------+

Top non-repeatable levels by time:
       D: 3027 daAuts
